Map: Acropolis LE

Players

Mez - Winner!

  • Race: Terran Terran
  • League: Master
  • Spawn Location: 11:00

A.I. 1 (Very Easy)

  • Race: Protoss Protoss
  • Spawn Location: 5:00

VOD

Have the link to the VOD?

Description

Time

  • Played on: Sept. 6, 2019, 7:26 a.m.
  • Length: 12:21
Show
View Real Time Build Order
Export as new Build Order

Mez Terran - Winner!

Build Orders: Hellion Opening, Reaper Expand, Mech 

Get SALT Encoding   

  12  0:00  SCV  
  13  0:13  SCV  
  14  0:17  Supply Depot  
  14  0:25  SCV  
  15  0:38  SCV  
  15  0:40  Barracks  
  16  0:44  Refinery  
  16  0:50  SCV  
  17  1:02  SCV  
  18  1:15  SCV  
  19  1:27  Reaper  
  19  1:28  Orbital Command  
  20  1:40  Command Center  
  20  1:48  Supply Depot  
  20  1:53  SCV  
  21  1:59  Marine  
  22  2:06  SCV  
  23  2:11  Factory  
  23  2:18  SCV  
  23  2:21  Barracks Reactor  
  24  2:32  SCV  
  25  2:40  Command Center  
  25  2:48  SCV  
  26  2:52  Orbital Command  
  26  3:03  Hellion x2  
  30  3:06  Refinery  
  30  3:07  SCV  
  30  3:10  Marine  
  32  3:18  SCV  
  32  3:19  SCV  
  34  3:27  Hellion x2  
  34  3:30  SCV  
  34  3:31  SCV  
  34  3:33  Marine  
  41  3:42  SCV  
  41  3:43  SCV  
  43  3:51  Hellion  
  43  3:52  Orbital Command, Hellion  
  43  3:54  SCV  
  48  3:55  SCV  
  48  4:02  Factory x2  
  49  4:11  SCV x2  
  49  4:14  Supply Depot  
  51  4:17  Hellion x2  
  51  4:21  SCV  
  51  4:23  SCV  
  57  4:24  SCV  
  57  4:30  Refinery  
  58  4:33  Refinery, SCV  
  58  4:36  SCV  
  58  4:37  SCV  
  58  4:38  Supply Depot  
  61  4:42  Hellion  
  61  4:43  Hellion  
  65  4:45  SCV  
  65  4:48  SCV  
  65  4:49  SCV  
  68  4:55  Factory Tech Lab x2  
  69  5:01  SCV  
  69  5:03  Factory  
  69  5:05  Factory  
  69  5:06  Hellion x2  
  73  5:09  SCV  
  73  5:13  Supply Depot, SCV  
  73  5:14  Orbital Command  
  75  5:21  Supply Depot  
  75  5:30  Infernal Pre-Igniter  
  75  5:32  Mag-Field Accelerator  
  75  5:34  Hellion  
  75  5:35  Cyclone x2, Hellion  
  85  5:38  Supply Depot  
  85  5:48  SCV x3  
  88  5:52  Factory Tech Lab x2  
  88  5:53  Supply Depot  
  88  5:56  Armory x2  
  88  6:03  SCV x3  
  91  6:08  Supply Depot  
  91  6:09  Siege Tank x2  
  97  6:15  SCV x3  
  100  6:20  Supply Depot  
  100  6:21  Refinery  
  100  6:22  Refinery  
  100  6:24  Engineering Bay  
  100  6:27  SCV x2  
  100  6:28  Cyclone  
  100  6:30  Cyclone  
  108  6:36  Hellion x2  
  108  6:39  SCV x2  
  115  6:40  SCV  
  115  6:47  Supply Depot  
  115  6:50  Supply Depot  
  115  6:51  Supply Depot, SCV  
  115  6:53  Supply Depot  
  116  6:54  Cyclone x2  
  116  6:59  Hellion  
  116  7:00  SCV  
  125  7:04  Terran Vehicle Weapons Level 1  
  125  7:06  Terran Vehicle And Ship Armor Level 1  
  125  7:09  SCV x2, Hellion  
  129  7:16  Siege Tank x2  
  135  7:24  Supply Depot  
  135  7:28  Supply Depot x2, Siege Tank x2  
  140  7:38  Hellion x2  
  144  7:48  Command Center  
  144  7:49  Supply Depot  
  144  7:54  Siege Tank x2  
  150  8:02  Supply Depot, Siege Tank x2  
  150  8:04  Supply Depot  
  150  8:05  Hellion x2  
  160  8:06  SCV x3  
  163  8:18  SCV x2  
  165  8:26  Siege Tank x2  
  174  8:34  Siege Tank x2  
  174  8:35  Command Center  
  174  8:40  Hellion x2  
  181  8:42  Command Center  
  181  8:58  Siege Tank x2  
  181  9:00  Terran Vehicle Weapons Level 2  
  187  9:11  Siege Tank x2  
  187  9:12  Hellion x2  
  197  9:19  Refinery  
  197  9:21  Refinery  
  197  9:24  Planetary Fortress  
  197  9:33  Command Center  
  197  9:47  Terran Vehicle And Ship Armor Level 2  
  197  9:50  Hellion  
  199  9:55  Orbital Command  
  199  9:56  Factory, Orbital Command  
  199  9:58  Factory  
  199  9:59  Factory  
  199  11:24  Factory Tech Lab x3  
  199  11:25  Factory Reactor  
  199  11:33  Command Center  
  199  11:34  Command Center  
  199  11:36  Command Center  
Show
View Real Time Build Order
Export as new Build Order

A.I. 1 (Very Easy) Protoss 

Build Orders:  

Get SALT Encoding   

  12  0:00  Probe  
  13  0:13  Probe  
  14  0:20  Pylon  
  14  0:36  Assimilator  
  14  0:43  Gateway  
  14  0:46  Pylon  
  14  1:15  Assimilator  
  14  1:23  Probe  
  14  1:24  Zealot  
  14  1:31  Probe  
  15  1:33  Cybernetics Core  
  18  1:41  Probe  
  19  1:53  Probe  
  20  2:02  Probe  
  21  2:09  Warp Gate  
  21  2:10  Probe  
  22  2:49  Stalker  
  24  7:25  Probe  
  25  7:30  Adept  
  25  7:31  Pylon  
  25  7:33  Probe  
  25  7:35  Robotics Facility  
  27  7:37  Nexus  
  27  7:41  Probe  
  24  8:18  Observer  
  25  8:29  Zealot  
  27  8:36  Observer  
  28  8:48  Probe  
  29  8:57  Probe  
  29  9:00  Probe, Assimilator  
  29  9:02  Assimilator  
  30  9:11  Probe  
  31  9:18  Probe  
  32  9:25  Probe  
  32  9:27  Stalker  
  35  9:33  Probe  
  36  9:40  Probe  
  36  9:45  Probe  
  32  9:54  Probe  
  32  9:56  Stalker  
  32  9:57  Probe  
  36  10:09  Probe, Assimilator  
  36  10:12  Pylon  
  37  10:16  Probe  
  38  10:23  Assimilator  
  34  10:29  Probe  
  34  10:35  Pylon  
  28  10:38  Probe  
  29  10:46  Probe  
  24  10:53  Stalker  
  24  10:57  Probe  
  26  11:09  Probe  
  4  11:21  Probe  
  4  11:22  Stalker  
Tags
 
Add a new tag
Caveats
  • Supply blocks, unpowered buildings, or Contaminate may cause inaccurate times.
  • Supply counts are checked every 10 seconds.